 Dungeon Crawl Stone Soup version 0.19.0 (webtiles) character file.

10329 Jraekied the Carver (level 11, 0/89 HPs)
             Began as a Demonspawn Gladiator on Nov 21, 2016.
             Was a Priest of Qazlal.
             Slain by a yak (7 damage)
             ... on level 1 of the Lair of Beasts.
             The game lasted 00:30:48 (12589 turns).

Jraekied the Carver (Demonspawn Gladiator)         Turns: 12589, Time: 00:30:49

Health: 0/89       AC: 11    Str: 18    XL:     11   Next: 34%
Magic:  16/16      EV: 11    Int: 13    God:    Qazlal [***...]
Gold:   314        SH:  3    Dex: 16    Spells: 1 memorised, 8 levels left

rFire  . . .     SeeInvis .     a - +3 long sword "Honic" {slice, Int+3}
rCold  . . .     Gourm    +     h - +0 scale mail
rNeg   . . .     Faith    .     (no shield)
rPois  .         Spirit   .     (helmet restricted)
rElec  .         Reflect  .     k - +1 cloak
rCorr  .         Harm     .     I - +0 pair of gloves
MR     .....                    (no boots)
Stlth  +.........               H - amulet of the gourmand
                                (no ring)
                                U - +2 ring of strength

@: no status effects
A: horns 2, molten scales 1, foul stench 1, nightstalker 1, rot immunity
a: Upheaval, Elemental Force, Renounce Religion


You were on level 1 of the Lair of Beasts.
You worshipped Qazlal.
Qazlal was most pleased with you.
You were hungry.

You visited 4 branches of the dungeon, and saw 13 of its levels.
You also visited: Sewer.

You collected 586 gold pieces.
You spent 272 gold pieces at shops.

Inventory:

Hand Weapons
 a - the +3 long sword "Honic" (weapon) {slice, Int+3}
   (You bought it in a shop on level 5 of the Dungeon)

   It inflicts extra damage upon your enemies.
   It affects your intelligence (+3).
 b - a +0 hunting sling
 m - a +1 long sword
 s - the +0 war axe "Seish" {flame, Str+3}
   (You found it on level 10 of the Dungeon)

   It has been specially enchanted to burn those struck by it, causing extra
   injury to most foes and up to half again as much damage against particularly
   susceptible opponents.
   Big, fiery blades are also staple armaments of hydra-hunters.
   It affects your strength (+3).
Missiles
 d - a throwing net (quivered)
 p - 38 sling bullets
 q - 269 stones
 t - an exploding tomahawk
Armour
 c - a +0 helmet
 h - a +0 scale mail (worn)
 k - a +1 cloak (worn)
 n - a +0 leather armour
 w - a +0 ring mail
 I - a +0 pair of gloves (worn)
Jewellery
 H - an amulet of the gourmand (around neck)
 R - an uncursed amulet of harm
 U - a +2 ring of strength (left hand)
Wands
 o - a wand of heal wounds (0/9)
 y - a wand of disintegration (18/24)
 z - a wand of slowing (23/48)
 F - a wand of confusion (37/48)
 K - a wand of flame (13/48)
 T - a wand of digging (4/24)
 W - a wand of digging (11/24)
Scrolls
 e - 8 scrolls of teleportation
 j - 3 scrolls of random uselessness
 l - 3 scrolls of remove curse
 r - 4 scrolls of recharging
 C - 3 scrolls of fear
 X - a scroll of enchant weapon
 Y - a scroll of magic mapping
Potions
 i - 2 potions of lignification
 u - 2 potions of ambrosia
 x - a potion of agility
 A - a potion of flight
 B - a potion of resistance
 D - 6 potions of curing
 E - 2 potions of brilliance
 L - a potion of degeneration
 M - 2 potions of cure mutation
Books
 v - a book of Minor Magic

   Spells                             Type                      Level
   a - Magic Dart                     Conjuration                  1
   b - Blink                          Translocation                2
   c - Call Imp                       Summoning                    2
   d - Repel Missiles                 Charms/Air                   2
   e - Slow                           Hexes                        2
   f - Conjure Flame                  Conjuration/Fire             3
   g - Mephitic Cloud                 Conjuration/Poison/Air       3
 N - a book of Callings

   Spells                             Type                      Level
   a - Summon Small Mammal            Summoning                    1
   b - Call Imp                       Summoning                    2
   c - Call Canine Familiar           Summoning                    3
   d - Summon Guardian Golem          Hexes/Summoning              3
   e - Summon Lightning Spire         Summoning/Air                4
   f - Summon Ice Beast               Ice/Summoning                4
 Q - a book of Necromancy

   Spells                             Type                      Level
   a - Pain                           Necromancy                   1
   b - Animate Skeleton               Necromancy                   1
   c - Vampiric Draining              Necromancy                   3
   d - Regeneration                   Charms/Necromancy            3
   e - Animate Dead                   Necromancy                   4
   f - Control Undead                 Necromancy                   4
 S - a book of Battle

   Spells                             Type                      Level
   a - Infusion                       Charms                       1
   b - Shroud of Golubria             Charms/Translocation         2
   c - Song of Slaying                Charms                       2
   d - Spectral Weapon                Hexes/Charms                 3
   e - Regeneration                   Charms/Necromancy            3
Comestibles
 f - 7 bread rations
 g - 4 meat rations
 P - 6 fruits


   Skills:
 - Level 9.3 Fighting
 - Level 12.5 Long Blades
 - Level 1.7 Throwing
 + Level 2.7 Armour
 - Level 2.6 Dodging
 + Level 7.3 Invocations
 + Level 3.0 Evocations


You had 8 spell levels left.
You knew the following spells:

 Your Spells              Type           Power        Failure   Level  Hunger
a - Repel Missiles        Chrm/Air       #.....       97%         2    ###....


Dungeon Overview and Level Annotations

Branches:
Dungeon (10/15)            Temple (1/1) D:6            Lair (1/6) D:10
    Orc (1/2) D:9

Altars:
Ashenzari
Cheibriados
Dithmenos
Elyvilon
Fedhas
Gozag
Hepliaklqana
Kikubaaqudgha
Makhleb
Nemelex Xobeh
Okawaru
Qazlal
Ru
Sif Muna
Trog
Uskayaw
Vehumet
Xom
Yredelemnul
Zin
The Shining One

Shops:
D:5 (   D:8 =

Portals:
Trove: D:10 (give +4 storm dragon scales)

Annotations:
D:4 1 runed door


Innate Abilities, Weirdness & Mutations

You have a pair of horns on your head.
You are partially covered in molten scales. (AC +2)
You may emit foul miasma when damaged in melee.
You are slightly more attuned to the shadows.
You are immune to rotting.


Message History

Unknown command.
You hit the yak.
The yak is almost dead.
The yak gores you!
* * * LOW HITPOINT WARNING * * *
The yak gores you!
* * * LOW HITPOINT WARNING * * *
You feel better. The yak barely misses you.
You riposte.
You closely miss the yak.
The yak is almost dead.
The yak gores you but does no damage.
You hit the yak. You headbutt the yak.
The yak is almost dead.
The yak gores you but does no damage.
You hit the yak but do no damage.
The yak is almost dead.
The yak gores you!
* * * LOW HITPOINT WARNING * * *
The yak gores you!
You die...

.#.P######......####
...........<........
....................
...................
.###.####......... .
### #.......#.# .
##......######
#......##Y..#
#.......@YY.#
#.......#§†.#
#......##Y.((.....
#..>....##...##....
##......##..... ...
#......#...###. ..
.......#.## . ....


You could see 4 yaks.

Vanquished Creatures
  Fannar (D:10)
  An unseen horror (D:10)
  A hill giant (D:10)
  A manticore (D:10)
  The ghost of CanadianGator the Cutter, a novice KoBe of Trog (D:5)
  A gargoyle (D:10)
  2 komodo dragons
  A troll (D:10)
  Grinder (D:6)
  Prince Ribbit (D:5)
  The ghost of PrincessPwny the Cudgeler, an amateur GrBe of Trog (D:4)
  2 hippogriffs (D:7)
  Sigmund (D:5)
  5 yaks
  A water moccasin (D:9)
  Duvessa (D:6)
  A phantom (D:3)
  3 ice beasts
  3 sky beasts
  6 orc warriors (D:9)
  A black bear (D:6)
  A necrophage (D:10)
  2 ogres
  6 centaurs
  3 crocodiles
  4 bullfrogs
  3 big kobolds
  2 gnoll sergeants
  Dowan (D:6)
  A scorpion (D:7)
  A water moccasin skeleton (D:5)
  5 killer bees (D:8)
  4 wights (D:6)
  A crimson imp (D:7)
  A bullfrog zombie (D:7)
  2 centaur zombies (D:5)
  A howler monkey (D:5)
  A quasit (D:10)
  6 orc priests
  3 bullfrog skeletons
  5 hounds
  3 jellies
  5 orc wizards
  A centaur skeleton (D:4)
  A gnoll shaman (D:5)
  Jessica (D:2)
  4 iguanas
  4 worker ants
  19 gnolls
  8 adders
  6 river rats
  3 shadow imps
  An ooze (D:3)
  An adder skeleton (D:4)
  4 worms
  4 dart slugs
  3 leopard geckos
  40 orcs
  9 ball pythons
  9 bats
  7 giant cockroaches
  7 goblins
  6 hobgoblins
  13 jackals
  3 quokkas
  A ball python skeleton (D:4)
  8 frilled lizards
  31 kobolds
  26 rats
317 creatures vanquished.

Vanquished Creatures (others)
  An orc (D:3)
1 creature vanquished.

Grand Total: 318 creatures vanquished

Notes
Turn   | Place    | Note
-------+----------+-------------------------------------------
     0 | D:1      | Jraekied the Demonspawn Gladiator began the quest for the Orb.
     0 | D:1      | Reached XP level 1. HP: 16/16 MP: 1/1
    88 | D:1      | Reached skill level 3 in Long Blades
   110 | D:1      | Gained mutation: You have a pair of small horns on your head. [demonic ancestry]
   110 | D:1      | Reached XP level 2. HP: 22/22 MP: 2/2
   809 | D:1      | Reached XP level 3. HP: 24/28 MP: 3/3
  1247 | D:2      | Found a shimmering altar of Xom.
  1582 | D:2      | Noticed Jessica
  1587 | D:2      | Killed Jessica
  1587 | D:2      | Reached skill level 4 in Long Blades
  1587 | D:2      | Gained mutation: You have a pair of horns on your head. [demonic ancestry]
  1587 | D:2      | Reached XP level 4. HP: 28/34 MP: 4/4
  2501 | D:3      | Noticed an ice beast
  2565 | D:3      | Reached XP level 5. HP: 39/41 MP: 5/5
  2577 | D:3      | Reached skill level 5 in Long Blades
  2738 | D:3      | Found a radiant altar of Vehumet.
  3282 | D:2      | Gained mutation: You are partially covered in molten scales. (AC +2) [demonic ancestry]
  3282 | D:2      | Reached XP level 6. HP: 43/48 MP: 6/6
  3554 | D:3      | Learned a level 2 spell: Repel Missiles
  3560 | D:3      | Killed an ice beast
  3560 | D:3      | Reached skill level 6 in Long Blades
  3717 | D:3      | Reached XP level 7. HP: 34/55 MP: 7/7
  3897 | D:4      | Found a sparkling altar of Nemelex Xobeh.
  4012 | D:4      | Noticed PrincessPwny's ghost (amateur GrBe)
  4025 | D:4      | Killed PrincessPwny's ghost
  4025 | D:4      | Reached skill level 5 in Fighting
  4025 | D:4      | Reached skill level 7 in Long Blades
  4072 | D:4      | Found a runed door.
  4260 | D:5      | Entered Level 5 of the Dungeon
  4295 | D:5      | Noticed Sigmund
  4315 | D:5      | Killed Sigmund
  4407 | D:5      | Reached XP level 8. HP: 63/63 MP: 8/8
  4414 | D:5      | Noticed CanadianGator's ghost (novice KoBe)
  4462 | D:5      | Killed CanadianGator's ghost
  4462 | D:5      | Reached skill level 8 in Long Blades
  4481 | D:5      | Found a shadowy altar of Dithmenos.
  4532 | D:5      | Noticed Prince Ribbit
  4630 | D:5      | HP: 2/64 [Prince Ribbit (15)]
  4637 | D:5      | Killed Prince Ribbit
  5015 | D:5      | Found Utocimm's Antique Weapon Emporium.
  5019 | D:5      | Bought a fine long sword for 272 gold pieces
  5019 | D:5      | Identified the +3 long sword "Honic" {slice, Int+3} (You bought it in a shop on level 5 of the Dungeon)
  5222 | D:5      | Reached skill level 9 in Long Blades
  5396 | D:6      | Gained mutation: You are immune to rotting. [demonic ancestry]
  5396 | D:6      | Reached XP level 9. HP: 36/72 MP: 9/9
  5514 | D:6      | Found a glowing drain.
  5522 | Sewer    | Entered a sewer
  6185 | D:6      | Found a staircase to the Ecumenical Temple.
  6208 | D:6      | Noticed Grinder
  6218 | D:6      | Killed Grinder
  6257 | Temple   | Entered the Ecumenical Temple
  6524 | Temple   | Became a worshipper of Qazlal Stormbringer
  6666 | D:6      | Reached skill level 10 in Long Blades
  6949 | D:6      | Noticed Dowan
  6966 | D:6      | Noticed Duvessa
  7443 | D:6      | Killed Duvessa
  7477 | D:6      | Killed Dowan
  7827 | D:7      | Reached * piety under Qazlal
  8200 | D:7      | Reached skill level 11 in Long Blades
  8319 | D:7      | Gained mutation: You are slightly more attuned to the shadows. [demonic ancestry]
  8319 | D:7      | Reached XP level 10. HP: 65/82 MP: 10/10
  8493 | D:8      | Found Hoischok's Jewellery Shoppe.
  9172 | D:8      | Found a sacrificial altar of Ru.
  9178 | D:8      | Found a snail-covered altar of Cheibriados.
  9257 | D:9      | Found a staircase to the Orcish Mines.
  9398 | D:9      | Reached ** piety under Qazlal
  9914 | Orc:1    | Entered Level 1 of the Orcish Mines
  9917 | Orc:1    | Noticed an orc knight
 10227 | D:10     | Entered Level 10 of the Dungeon
 10227 | D:10     | Noticed a gargoyle
 10238 | D:10     | Found a portal to a secret trove of treasure.
 10238 | D:10     | Noticed a manticore
 10238 | D:10     | Noticed a hill giant
 10421 | D:9      | Reached skill level 12 in Long Blades
 10626 | D:10     | Reached skill level 1 in Invocations
 10672 | D:10     | Killed a hill giant
 10674 | D:10     | Killed a gargoyle
 10697 | D:10     | Killed a manticore
 10697 | D:10     | Reached skill level 5 in Invocations
 10760 | D:10     | Found a staircase to the Lair.
 10804 | D:10     | Gained mutation: You may emit foul miasma when damaged in melee. [demonic ancestry]
 10804 | D:10     | Reached XP level 11. HP: 36/89 MP: 15/15
 10813 | D:10     | Got an ichor-stained war axe
 10814 | D:10     | Identified the cursed +0 war axe "Seish" {flame, Str+3} (You found it on level 10 of the Dungeon)
 11109 | D:10     | Killed an unseen horror
 11109 | D:10     | Reached skill level 1 in Armour
 11109 | D:10     | Reached skill level 1 in Evocations
 11140 | D:10     | Noticed Fannar
 11724 | D:10     | Killed Fannar
 11724 | D:10     | Reached *** piety under Qazlal
 12371 | Lair:1   | Entered Level 1 of the Lair of Beasts
 12589 | Lair:1   | Slain by a yak

Skill      XL: |  1  2  3  4  5  6  7  8  9 10 11 |
---------------+----------------------------------+-----
Long Blades    | 3 4 5 6 7 9 11 12 | 12.5
Fighting       | 3 4 5 7 8 9 |  9.3
Invocations    | 5 7 |  7.3
Armour         | 2 |  2.7
Evocations     | 3 |  3.0
Throwing       | |  1.7
Dodging        | |  2.6

Action                   |  1- 3 |  4- 6 |  7- 9 | 10-12 || total
-------------------------+-------+-------+-------+-------++-------
Melee: Long sword        |   101 |   165 |   421 |   314 ||  1001
       Headbutt          |    20 |    34 |    83 |    83 ||   220
 Fire: Hunting sling     |       |    23 |    10 |    46 ||    79
Throw: Throwing net      |       |       |     2 |     4 ||     6
       Stone             |       |       |       |     1 ||     1
Evoke: Wand              |       |       |     8 |     5 ||    13
  Use: Potion            |     1 |       |     2 |    15 ||    18
       Scroll            |       |       |     9 |    11 ||    20
  Eat: Chunk             |     2 |     7 |    10 |    19 ||    38
       Meat ration       |       |       |     1 |       ||     1
       Fruit             |       |       |       |     1 ||     1
Armor: Leather armour    |    11 |       |       |       ||    11
       Scale mail        |    41 |    80 |   170 |   156 ||   447
Dodge: Dodged            |    75 |    83 |   172 |   177 ||   507
Block: Other             |       |       |       |    35 ||    35
       Rpst.: Long sword |    22 |    19 |    53 |    51 ||   145
